 Dungeon Crawl Stone Soup version 0.29-a0-344-ge2f44be95a (console) character file.

Game seed: 11162196879223509642

66 Morrissey the Skirmisher (level 3, -4/33 HPs)
             Began as a Minotaur Abyssal Knight on Apr 21, 2022.
             Was a Priest of Lugonu.
             Slain by an ogre
             ... wielding a +0 giant club
              (16 damage)
             ... on level 5 of the Dungeon.
             The game lasted 00:02:30 (1699 turns).

Morrissey the Skirmisher (Minotaur Abyssal Knight)  Turns: 1699, Time: 00:02:31

Health: -4/33      AC:  5    Str: 17    XL:     3   Next: 96%
Magic:  11/12      EV: 10    Int:  7    God:    Lugonu [***...]
Gold:   67         SH:  0    Dex: 12    Spells: 2/2 levels left

rFire   . . .      SeeInvis .   a - +1 spear
rCold   . . .      Faith    .   (no shield)
rNeg    . . .      Spirit   .   e - +0 ring mail
rPois   .          Reflect  .   (helmet restricted)
rElec   .          Harm     .   (no cloak)
rCorr   .          Rampage  .   (no gloves)
Will    .....                   (no boots)
Stlth   +.........              h - amulet of regeneration
HPRegen 0.91/turn               k - ring of magical power
MPRegen 0.13/turn               (no ring)

@: no status effects
A: horns 2, retaliatory headbutt
a: Renounce Religion, Depart the Abyss, Bend Space, Banish


You were on level 5 of the Dungeon.
You worshipped Lugonu.
Lugonu was most pleased with you.
You visited 1 branch of the dungeon, and saw 4 of its levels.
You visited the Abyss 1 time.

You collected 67 gold pieces.

Inventory:

Hand Weapons
 a - a +1 spear (weapon)
Armour
 e - a +0 ring mail (worn)
Jewellery
 f - an amulet of magic regeneration
 h - an amulet of regeneration (around neck)
 k - a ring of magical power (left hand)
Scrolls
 d - 2 scrolls of teleportation {unknown}
 i - 2 scrolls of identify {unknown}
 j - a scroll of fear {unknown}
 l - 2 scrolls of fog {unknown}
Potions
 b - a potion of berserk rage {unknown}
 c - 4 potions of heal wounds {unknown}
 g - a potion of flight {unknown}
 m - a potion of curing {unknown}


   Skills:
 + Level 4.0 Fighting
 * Level 3.5 Polearms
 * Level 3.6 Armour
 - Level 1.1 Dodging
 + Level 2.3 Invocations


You had 2 spell levels left.
You didn't know any spells.
Your spell library contained the following spells:

 Spells                   Type           Power      Damage    Failure   Level
 Beastly Appendage        Tmut           0%         N/A       63%         1
 Wereblood                Tmut           0%         N/A       77%         2
 Spider Form              Tmut/Pois      0%         N/A       94%         3


Dungeon Overview and Level Annotations

Branches:
Dungeon (3/15)

Altars:


Innate Abilities, Weirdness & Mutations

You have a pair of horns on your head.
You reflexively headbutt those who attack you in melee.


Message History

You kill the bat!
Lugonu accepts your kill.
No target in view!
You see here a bat corpse.
A sourceless malevolence fills the Dungeon...
You fall into a shaft and drop 2 floors!
The shaft crumbles and collapses.
An ogre comes into view. It is wielding a +0 giant club.
Found a stone staircase leading down.
Unknown command.
Okay, then.
Okay, then.
Okay, then.
Unknown command.
Reach: a) +1 spear
Press: ? - help, Dir - move target, f - ogre
Aim: an ogre, wielding a +0 giant club (about 23% to evade your +1 spear)
You reach to attack!
You puncture the ogre!
The ogre is moderately wounded.
You hit the ogre.
The ogre is heavily wounded.
The ogre hits you with a +0 giant club!!
Ouch! That really hurt!
* * * LOW HITPOINT WARNING * * *
Space bends violently around you!
You blink.
Found a stone staircase leading up.
Reach: a) +1 spear
Press: ? - help, Dir - move target, f/p - ogre
Aim: an ogre, wielding a +0 giant club (heavily wounded, about 23% to evade your +1 spear)
You reach to attack!
You hit the ogre.
The ogre is heavily wounded.
You hit the ogre. You headbutt the ogre!
The ogre is almost dead.
The ogre misses you.
You barely miss the ogre.
The ogre is almost dead.
Okay, then.
Okay, then.
The ogre attacks as you move away! The ogre hits you with a +0 giant club!
You die...

####.#####
#...<..@.#
#.##.###O####.##
#.>...........
#.### #.# #.#
#.# ..# ###


You could see an ogre.

Vanquished Creatures
  2 adders
  A worm (D:2)
  2 dart slugs
  2 orcs (D:3)
  9 bats
  3 endoplasms
  4 giant cockroaches (D:1)
  5 goblins
  A hobgoblin (D:1)
  2 quokkas (D:1)
  2 frilled lizards (D:1)
  A kobold (D:2)
  4 rats
38 creatures vanquished.

Notes
Turn   | Place    | Note
-------+----------+-------------------------------------------
     0 | Abyss:1  | Morrissey the Minotaur Abyssal Knight began the quest for
                  | the Orb.
     0 | Abyss:1  | Reached XP level 1. HP: 19/19 MP: 1/1
    24 | D:1      | Escaped the Abyss
   149 | D:1      | Reached XP level 2. HP: 27/27 MP: 2/2
   909 | D:2      | Found a faded altar of an unknown god.
   942 | D:2      | Reached XP level 3. HP: 23/33 MP: 3/3
  1238 | D:2      | Reached *** piety under Lugonu
  1616 | D:3      | Reached skill level 4 in Fighting
  1690 | D:3      | You fall into a shaft and drop 2 floors!
  1690 | D:5      | Entered Level 5 of the Dungeon
  1690 | D:5      | Noticed an ogre
  1699 | D:5      | Slain by an ogre

Illustrated notes

Levels and vault maps discovered:
D:1:      psy_arrival_statuary, layout_basic
D:2:      layout_rooms, shapermc_ecumenical_altar_starsandcircs, minivault_5
D:3:      layout_loops_corners, minmay_misc_feat_more_columns,
          minmay_misc_feat_cross, hangedman_decor_growths, minivault_24
D:5:      layout_basic, xom_butterflies, uniq_prince_ribbit1

Skill      XL: |  1  2  3 |
---------------+----------+-----
Invocations    | 2 |  2.3
Armour         | 3 |  3.6
Polearms       | 3 |  3.5
Fighting       | 4 |  4.0
Dodging        | |  1.1

Action                   || total
-------------------------++-------
Melee: Spear             ||    90
       Headbutt          ||    13
Invok: Bend Space        ||     1
Armor: Leather armour    ||     5
       Ring mail         ||    14
Dodge: Dodged            ||    27

Table legend: (Time is in decaauts)
 A = Elapsed time spent in this place.
 B = Non-inter-level travel time spent in this place.
 C = Inter-level travel time spent in this place.
 D = Time resting spent in this place.
 E = Time spent auto-exploring this place.
 F = Levels seen in this place.
 G = Mean time per level.
                   A        B        C        D        E       F      G
               +--------+--------+--------+--------+--------+-----+--------+
         Total |   1692 |   1672 |     20 |      0 |   1382 |   5 |  338.4 |
       Dungeon |   1668 |   1648 |     20 |      0 |   1382 |   4 |  417.0 |
         Abyss |     24 |     24 |      0 |      0 |      0 |   1 |   24.0 |
               +--------+--------+--------+--------+--------+-----+--------+

Top non-repeatable levels by time:
     D:1: 883 daAuts
     D:2: 687 daAuts
     D:3: 89 daAuts
 Abyss:1: 24 daAuts
     D:5: 8 daAuts
